 Dungeon Crawl Stone Soup version 0.22-a0-422-g9628fc8 (webtiles) character file.

107 twist the Chucker (level 4, -3/38 HPs)
             Began as a Gnoll Wanderer on May 17, 2018.
             Killed from afar by twist's ghost (9 damage)
             ... with a zap
             ... on level 3 of the Dungeon.
             The game lasted 00:05:59 (2902 turns).

twist the Chucker (Gnoll Wanderer)                  Turns: 2902, Time: 00:06:00

Health: -3/38      AC:  2    Str: 15    XL:     4   Next: 85%
Magic:  8/8        EV: 13    Int: 12    God:
Gold:   47         SH:  0    Dex: 17    Spells: 9/9 levels left

rFire    . . .     SeeInvis .   a - +0 dagger
rCold    . . .     Gourm    .   (no shield)
rNeg     . . .     Faith    .   e - +0 robe
rPois    .         Spirit   .   (no helmet)
rElec    .         Reflect  .   (no cloak)
rCorr    .         Harm     .   (no gloves)
MR       .....                  (no boots)
Stlth    +++.......             (no amulet)
HPRegen  0.12/turn              (no ring)
MPRegen  0.11/turn              (no ring)

@: no status effects
A: distributed training, fangs 1, strong nose
a: no special abilities


You were on level 3 of the Dungeon.
You were not hungry.

You visited 1 branch of the dungeon, and saw 3 of its levels.

You collected 47 gold pieces.

Inventory:

Hand Weapons
 a - a +0 dagger (weapon)
 b - a +0 blowgun
Armour
 e - a +0 robe (worn)
Wands
 j - a wand of polymorph (8)
Scrolls
 c - a scroll of immolation {unknown}
 h - a scroll of random uselessness {unknown}
 i - a scroll of fear {unknown}
 m - a scroll of identify {unknown}
Potions
 d - 2 potions of curing
 f - a potion of lignification {unknown}
 k - a potion of mutation {unknown}
 l - a potion of flight {unknown}
Comestibles
 g - 4 rations
 n - 3 chunks of flesh


   Skills:
 + Level 4.7 Fighting
 + Level 1.2 Short Blades
 + Level 1.2 Long Blades
 + Level 1.2 Axes
 + Level 1.2 Maces & Flails
 + Level 1.2 Polearms
 + Level 1.2 Staves
 + Level 1.2 Slings
 + Level 1.2 Bows
 + Level 1.2 Crossbows
 + Level 4.7 Throwing
 + Level 1.2 Armour
 + Level 2.8 Dodging
 + Level 4.3 Stealth
 + Level 1.2 Shields
 + Level 1.2 Unarmed Combat
 + Level 3.0 Spellcasting
 + Level 1.0 Conjurations
 + Level 3.9 Hexes
 + Level 1.0 Charms
 + Level 1.0 Summonings
 + Level 1.0 Necromancy
 + Level 1.0 Translocations
 + Level 1.0 Transmutations
 + Level 1.0 Fire Magic
 + Level 1.0 Ice Magic
 + Level 1.0 Air Magic
 + Level 1.0 Earth Magic
 + Level 1.0 Poison Magic
 + Level 1.3 Invocations
 + Level 1.2 Evocations


You had 9 spell levels left.
You didn't know any spells.
Your spell library contained the following spells:

 Spells                   Type           Power        Failure   Level  Hunger
 Confuse                  Hex            ##......     16%         3    ###....
 Tukima's Dance           Hex            ##......     16%         3    ###....
 Ensorcelled Hibernation  Hex/Ice        #.....       14%         2    ###....
 Corona                   Hex            ##.....      4%          1    #......
 Dazzling Spray           Conj/Hex       #.....       26%         3    ###....


Dungeon Overview and Level Annotations

Branches:
Dungeon (3/15)

Altars:
Vehumet
Wu Jian

Annotations:
D:3 twist's ghost, amateur GnWn


Innate Abilities, Weirdness & Mutations

Your experience applies equally to all skills.
You have very sharp teeth.
Your uncanny sense of smell can sniff out nearby items.


Message History

You bite the orc wizard, but do no damage.
The orc wizard is moderately wounded.
Twist's ghost gestures at you while chanting.
The zap hits you! The orc wizard barely misses you.
There is a stone staircase leading up here.
Twist's ghost hits you!
* * * LOW HITPOINT WARNING * * *
You hit the orc wizard.
The orc wizard is moderately wounded.
The orc wizard barely misses you. Twist's ghost barely misses you.
You feel less confused. The orc wizard hits you with a dagger.
* * * LOW HITPOINT WARNING * * *
Twist's ghost whispers, "There is no future for you."
The orc wizard hits you but does no damage.
You see here a club.
The orc wizard closely misses you.
Twist's ghost gestures at you while chanting.
The zap hits you!
You die...

#.#####....(.( ....
#!........(... ..... ...
#$..# ..# ##.... .. ...
###.###.###.... ..# ....
#.##...##.#.#..# .....
#.รท..#.##.#.#..#
.....######..............
........##..##()<....##
........W..###..@W...#
#....W.<#### #..)o...#
#.......# #.......#
#.......# #.......#
######### #########


You could see an orc wizard and twist's ghost.

Vanquished Creatures
  Ijyb (D:2)
  An ooze (D:1)
  A worm (D:2)
  A dart slug (D:2)
  5 leopard geckos
  4 orcs
  4 bats
  3 giant cockroaches (D:1)
  7 goblins
  9 hobgoblins
  5 jackals
  A ball python (D:3)
  6 frilled lizards
  6 kobolds
  6 rats
60 creatures vanquished.

Notes
Turn   | Place    | Note
-------+----------+-------------------------------------------
     0 | D:1      | twist the Gnoll Wanderer began the quest for the Orb.
     0 | D:1      | twist set off with: a potion of curing, 9 poisoned needles, a +0 blowgun, a +0 robe, a +0 dagger, a ration
     0 | D:1      | Reached XP level 1. HP: 20/20 MP: 4/4
    58 | D:1      | You fall through a shaft!
   119 | D:2      | Found an ornate altar of the Wu Jian Council.
   265 | D:2      | Reached XP level 2. HP: 21/26 MP: 5/5
   774 | D:1      | Reached XP level 3. HP: 25/31 MP: 7/7
  1209 | D:1      | Reached skill level 1 in Invocations
  1561 | D:2      | Reached skill level 1 in Short Blades
  1561 | D:2      | Reached skill level 1 in Long Blades
  1561 | D:2      | Reached skill level 1 in Axes
  1561 | D:2      | Reached skill level 1 in Maces & Flails
  1561 | D:2      | Reached skill level 1 in Polearms
  1561 | D:2      | Reached skill level 1 in Staves
  1561 | D:2      | Reached skill level 1 in Slings
  1561 | D:2      | Reached skill level 1 in Bows
  1561 | D:2      | Reached skill level 1 in Crossbows
  1561 | D:2      | Reached skill level 1 in Armour
  1561 | D:2      | Reached skill level 1 in Shields
  1561 | D:2      | Reached skill level 1 in Unarmed Combat
  1561 | D:2      | Reached skill level 1 in Evocations
  1655 | D:2      | Reached XP level 4. HP: 38/38 MP: 8/8
  1942 | D:2      | Found a radiant altar of Vehumet.
  2190 | D:3      | Noticed twist's ghost (amateur GnWn)
  2637 | D:3      | Noticed Ijyb
  2803 | D:2      | Killed Ijyb
  2803 | D:2      | Reached skill level 1 in Conjurations
  2803 | D:2      | Reached skill level 1 in Charms
  2803 | D:2      | Reached skill level 1 in Summonings
  2803 | D:2      | Reached skill level 1 in Necromancy
  2803 | D:2      | Reached skill level 1 in Translocations
  2803 | D:2      | Reached skill level 1 in Transmutations
  2803 | D:2      | Reached skill level 1 in Fire Magic
  2803 | D:2      | Reached skill level 1 in Ice Magic
  2803 | D:2      | Reached skill level 1 in Air Magic
  2803 | D:2      | Reached skill level 1 in Earth Magic
  2803 | D:2      | Reached skill level 1 in Poison Magic
  2902 | D:3      | Killed from afar by twist's ghost

Vault maps used:
D:1:      dpeg_arrival_more_subterranean_lakeside_camping,
          corexii_item_surrounded_by_moat
D:2:      old_standard_altar, marbit_many_paths, first_ration
D:3:      serial_curves, eino_curves_03, eino_curves_04, eino_curves_01,
          uniq_ijyb, uniq_terence

Skill      XL: |  1  2  3  4 |
---------------+-------------+-----
Invocations    | 1 |  1.3
Short Blades   | 1 |  1.2
Long Blades    | 1 |  1.2
Axes           | 1 |  1.2
Maces & Flails | 1 |  1.2
Polearms       | 1 |  1.2
Staves         | 1 |  1.2
Slings         | 1 |  1.2
Bows           | 1 |  1.2
Crossbows      | 1 |  1.2
Armour         | 1 |  1.2
Shields        | 1 |  1.2
Unarmed Combat | 1 |  1.2
Evocations     | 1 |  1.2
Spellcasting   | 3 |  3.0
Conjurations   | 1 |  1.0
Charms         | 1 |  1.0
Summonings     | 1 |  1.0
Necromancy     | 1 |  1.0
Translocations | 1 |  1.0
Transmutations | 1 |  1.0
Fire Magic     | 1 |  1.0
Ice Magic      | 1 |  1.0
Air Magic      | 1 |  1.0
Earth Magic    | 1 |  1.0
Poison Magic   | 1 |  1.0
Fighting       | |  4.7
Throwing       | |  4.7
Dodging        | |  2.8
Stealth        | |  4.3
Hexes          | |  3.9

Action                   |  1- 3 |  4- 6 || total
-------------------------+-------+-------++-------
Melee: Dagger            |    96 |    54 ||   150
       Bite              |     8 |    10 ||    18
       Unarmed           |       |     2 ||     2
       Punch             |       |     1 ||     1
 Fire: Blowgun           |    71 |    16 ||    87
Throw: Javelin           |    10 |    14 ||    24
 Stab: Sleeping          |     3 |       ||     3
  Eat: Chunk             |     1 |     5 ||     6
Armor: Robe              |    21 |     8 ||    29
Dodge: Dodged            |    85 |    57 ||   142

Table legend:
 A = Spawn XP
 B = Non-spawn XP
 C = Spawn XP percentage of total XP
 D = Spawn monster count
 E = Non-spawn monster count
 F = Spawn count percentage of total count
 G = Total turns spent on level
                    A         B        C        D         E        F      G
               +---------+---------+-------+---------+---------+-------+---------
         Total |       0 |     153 |   0.0 |       0 |      60 |   0.0 |  2902
               +---------+---------+-------+---------+---------+-------+---------
           D:1 |       0 |      59 |   0.0 |       0 |      31 |   0.0 |  1194
           D:2 |       0 |      81 |   0.0 |       0 |      22 |   0.0 |  1583
           D:3 |       0 |      13 |   0.0 |       0 |       7 |   0.0 |   125
               +---------+---------+-------+---------+---------+-------+---------
